 Dungeon Crawl Stone Soup version 0.29-a0-468-ge57f7f99b4 (webtiles) character file.

Game seed: 6445707032599341553

303 Mairsil the Insei (level 6, 0/41 (43) HPs)
             Began as a Merfolk Transmuter on May 21, 2022.
             Slain by an orc
             ... wielding a +1 short sword of draining
              (5 damage)
             ... on level 3 of the Dungeon.
             The game lasted 00:47:24 (4309 turns).

Mairsil the Insei (Merfolk Transmuter)              Turns: 4309, Time: 00:47:24

HP:   0/41 (43)     AC:  2    Str: 13    XL:     6   Next: 38%
MP:   8/9           EV: 13    Int: 12    God:
Gold: 146           SH:  0    Dex: 14    Spells: 7/10 levels left

rFire   . . .      SeeInvis .     - Unarmed
rCold   . . .      Faith    .   (no shield)
rNeg    . . .      Spirit   .   a - +0 robe
rPois   .          Reflect  .   (no helmet)
rElec   .          Harm     .   (no cloak)
rCorr   .          Rampage  .   (no gloves)
Will    .....                   (no boots)
Stlth   ++........              (no amulet)
HPRegen 0.13/turn               (no ring)
MPRegen 0.11/turn               (no ring)

@: about to teleport, wereblooded (expiring), attractive, lightly drained
A: (nimble swimmer 2), mertail
a: no special abilities


You were on level 3 of the Dungeon.
You visited 1 branch of the dungeon, and saw 3 of its levels.

You collected 146 gold pieces.

Inventory:

Hand Weapons
 e - a +1 dagger of draining
 m - a +1 short sword of flaming
Missiles
 i - 15 poisoned darts
Armour
 a - a +0 robe (worn)
Magical Staves
 c - a staff of air
Wands
 d - a wand of iceblast (15)
Scrolls
 g - a scroll of vulnerability {unknown}
 o - 2 scrolls of amnesia {unknown}
Potions
 b - a potion of flight {unknown}
 f - a potion of degeneration {unknown}
 h - a potion of haste {unknown}
 j - a potion of attraction
 k - 2 potions of mutation {unknown}
 n - a potion of magic {unknown}


   Skills:
 + Level 1.6 Fighting
 + Level 4.5 Dodging
 + Level 2.0 Stealth
 + Level 5.7 Unarmed Combat
 + Level 2.6 Spellcasting
 + Level 3.4 Transmutations


You had 7 spell levels left.
You knew the following spells:

 Your Spells              Type           Power      Damage    Failure   Level
a - Beastly Appendage     Tmut           18%        N/A       6%          1
b - Wereblood             Tmut           9%         N/A       10%         2

Your spell library contained the following spells:

 Spells                   Type           Power      Damage    Failure   Level
 Apportation              Tloc           2%         N/A       26%         1
 Necrotize                Necr           4%         1d4       26%         1
 Summon Small Mammal      Summ           4%         N/A       26%         1
 Spider Form              Tmut/Pois      5%         N/A       36%         3
 Call Canine Familiar     Summ           1%         N/A       61%         3
 Portal Projectile        Hex/Tloc       2%         N/A       61%         3
 Summon Guardian Golem    Hex/Summ       1%         N/A       61%         3
 Vampiric Draining        Necr           1%         2d6       61%         3
 Ice Form                 Ice/Tmut       5%         N/A       77%         4
 Leda's Liquefaction      Hex/Erth       0%         N/A       95%         4
 Alistair's Intoxication  Tmut/Pois      3%         N/A       98%         5
 Agony                    Necr           1%         N/A       100%        5
 Borgnjor's Vile Clutch   Necr/Erth      0%         N/A       100%        5
 Eringya's Noxious Bog    Tmut/Pois      2%         N/A       100%        6


Dungeon Overview and Level Annotations

Branches:
Dungeon (3/15)

Altars:


Innate Abilities, Weirdness & Mutations

((You are very nimble when in or above water. (Stealth+, EV+, Speed+++)))
Your lower body shifts to a powerful aquatic tail in water.


Message History

The orc wizard closely misses you.
The orc hits you from afar with a +0 trident!
You hit the orc wizard.
The orc wizard is heavily wounded.
You hit the orc wizard.
The orc wizard is heavily wounded.
You feel less confused.
The orc hits you with a +1 short sword of draining.
You feel drained.
The orc wizard points at you and mumbles some strange words.
The magic dart hits you.
The orc hits you from afar with a +0 trident.
You punch the orc wizard!
You feel a bit better.
You kill the orc wizard!
You howl as the wereblood boils in your veins!
The orc hits you from afar with a +0 trident.
The orc misses you.
Your life force feels restored.
You hit the orc.
The orc is moderately wounded.
The orc hits you from afar with a +0 trident.
The orc hits you with a +1 short sword of draining.
You feel drained.
You closely miss the orc. Your punch misses the orc.
The orc is moderately wounded.
Your horns disappear.
Your primal bloodlust is almost over.
The orc misses you.
The orc hits you with a +1 short sword of draining.
* * * LOW HITPOINT WARNING * * *
You feel drained.
* * * LOW HITPOINT WARNING * * *
It was a potion of attraction.
You feel attractive to monsters.
The orc hits you from afar with a +0 trident.
* * * LOW HITPOINT WARNING * * *
The orc closely misses you. The orc is attracted toward you.
As you read the scroll of teleportation, it crumbles to dust.
You feel strangely unstable. The orc closely misses you.
The orc hits you with a +1 short sword of draining.
You die...

#....#####..######
#....##.......####
#....##.##..##...#
##....##.##..##...#
#.................'
#..########..##...#
########..#
#..##...#
.......)..#
#..##...#
######.o@#
#>....... #ยง.o#
##.##.... #......
.. #.... #..##### #
##### #..# # #..# #
...# ##..#


You could see 2 orcs.

Vanquished Creatures
  An ogre (D:3)
  A jelly (D:3)
  An orc wizard (D:3)
  4 gnolls (D:3)
  4 adders
  2 dart slugs (D:1)
  2 orcs (D:3)
  4 ball pythons
  5 endoplasms
  5 giant cockroaches
  10 goblins
  5 hobgoblins
  2 quokkas
  11 bats
  3 frilled lizards
  19 kobolds
  5 rats
84 creatures vanquished.

Vanquished Creatures (others)
  4 fungi (D:1)
  4 plants
  9 toadstools (D:3)
17 creatures vanquished.

Grand Total: 101 creatures vanquished

Notes
Turn   | Place    | Note
-------+----------+-------------------------------------------
     0 | D:1      | Mairsil the Merfolk Transmuter began the quest for the Orb.
     0 | D:1      | Reached XP level 1. HP: 15/15 MP: 3/3
   436 | D:1      | Reached XP level 2. HP: 20/21 MP: 5/5
   620 | D:1      | Reached skill level 4 in Unarmed Combat
  1033 | D:1      | Found a faded altar of an unknown god.
  1048 | D:1      | Got Plato's Almanac of Orientation
  1214 | D:1      | Reached XP level 3. HP: 26/26 MP: 6/6
  2173 | D:2      | Reached skill level 1 in Stealth
  2173 | D:2      | Reached XP level 4. HP: 14/32 MP: 5/7
  2571 | D:3      | Learned a level 2 spell: Wereblood
  3257 | D:3      | Reached XP level 5. HP: 10/37 MP: 5/8
  3262 | D:3      | Reached skill level 5 in Unarmed Combat
  3759 | D:3      | Noticed an ogre
  3774 | D:3      | Killed an ogre
  3775 | D:3      | Reached XP level 6. HP: 24/43 MP: 6/9
  4309 | D:3      | Slain by an orc

Illustrated notes

Levels and vault maps discovered:
D:1:      nagdon_arrival_zigzag_paths, layout_basic, serial_curves,
          eino_curves_02, eino_curves_02, eino_curves_01, eino_curves_04,
          shapermc_ecumenical_altar_rom_forum, minivault_5
D:2:      layout_basic, serial_bayou_pond_c
D:3:      cheibrodos_fertilizer, layout_basic, minmay_ogre_servants

Skill      XL: |  1  2  3  4  5 |
---------------+----------------+-----
Unarmed Combat | 4 5 |  5.7
Dodging        | 3 4 |  4.5
Transmutations | 3 |  3.4
Stealth        | 1 2 |  2.0
Fighting       | |  1.6
Spellcasting   | |  2.6

Action                   |  1- 3 |  4- 6 || total
-------------------------+-------+-------++-------
Melee: Unarmed           |   154 |   136 ||   290
       Headbutt          |    14 |     9 ||    23
       Punch             |     4 |     3 ||     7
 Cast: Beastly Appendage |    10 |     7 ||    17
       Wereblood         |       |     6 ||     6
  Use: Potion            |       |     5 ||     5
       Scroll            |       |     2 ||     2
 Stab: Sleeping          |     5 |     3 ||     8
Armor: Robe              |    21 |    24 ||    45
       Skin              |       |    32 ||    32
Dodge: Dodged            |    73 |    97 ||   170

Table legend: (Time is in decaauts)
 A = Elapsed time spent in this place.
 B = Non-inter-level travel time spent in this place.
 C = Inter-level travel time spent in this place.
 D = Time resting spent in this place.
 E = Time spent auto-exploring this place.
 F = Levels seen in this place.
 G = Mean time per level.
                   A        B        C        D        E       F      G
               +--------+--------+--------+--------+--------+-----+--------+
         Total |   4272 |   4012 |    260 |     36 |   3318 |   3 | 1424.0 |
       Dungeon |   4272 |   4012 |    260 |     36 |   3318 |   3 | 1424.0 |
               +--------+--------+--------+--------+--------+-----+--------+

Top non-repeatable levels by time:
     D:3: 1765 daAuts
     D:1: 1695 daAuts
     D:2: 811 daAuts
